[ AOE2 MATCH · #506631238 ]
UnrankedBurmese vs Goths
Player's team · WIN
Rival team · LOSS
[ REPLAY ANALYSIS · EXTRACTED FROM THE RECORDED GAME ]
Feudal
8:51
Castle
—
Imperial
—
| APM avg | 60.1 |
| APM peak | 87 |
| eAPM avg | 31.0 |
| Villagers / military | 57 / 13 |
Focus
⚔️ 51.2% · 🌾 48.8%
Militia ×7 · Archer ×6
Feudal
10:40
Castle
—
Imperial
—
| APM avg | 49.5 |
| APM peak | 88 |
| eAPM avg | 22.7 |
| Villagers / military | 45 / 15 |
Focus
⚔️ 40.5% · 🌾 59.5%
Militia ×9 · Skirmisher ×4 · Archer ×2
Match map
Initial resources + every placement click. Lines = walls · curves = elevation contours. ◆ gold · ⬟ stone · ● berries · ✦ relic · ◌ wall gap
Your base· Open — unwalled flank
_LY_lyx's base· Open — unwalled flank
Smoothed initial terrain · ◌ = detected wall gap · hover for details
Inputs per minute
— wR.Monoz - - _LY_lyx
Build order — wR.Monoz
118 actions detected in the replay
| 0:00 | Create | Villager (Male) |
| 0:01 | Create | Villager (Male) |
| 0:01 | Create | Villager (Male) |
| 0:02 | Build | House |
| 0:02 | Build | House |
| 0:11 | Create | Villager (Male) |
| 0:11 | Create | Villager (Male) |
| 1:25 | Create | Villager (Male) |
| 1:25 | Create | Villager (Male) |
| 1:26 | Create | Villager (Male) |
| 2:02 | Create | Villager (Male) |
| 2:02 | Create | Villager (Male) |
| 2:25 | Build | Lumber Camp |
| 2:31 | Create | Villager (Male) |
| 2:32 | Create | Villager (Male) |
| 2:51 | Create | Villager (Male) |
| 2:51 | Create | Villager (Male) |
| 3:09 | Create | Villager (Male) |
| 3:09 | Create | Villager (Male) |
| 3:42 | Create | Villager (Male) |
| 3:42 | Create | Villager (Male) |
| 4:03 | Create | Villager (Male) |
| 4:03 | Create | Villager (Male) |
| 4:10 | Build | House |
| 4:25 | Create | Villager (Male) |
| 4:25 | Create | Villager (Male) |
| 4:34 | Create | Villager (Male) |
| 4:34 | Create | Villager (Male) |
| 4:34 | Create | Villager (Male) |
| 5:25 | Create | Villager (Male) |
| 5:31 | Build | Barracks |
| 5:39 | Create | Villager (Male) |
| 6:06 | Research | Loom |
| 6:15 | Build | House |
| 6:39 | Research | Feudal Age |
| 6:40 | Research | Feudal Age |
| 7:03 | Create | Militia |
| 7:11 | Build | Mining Camp |
| 7:20 | Create | Militia |
| 7:21 | Create | Militia |
| 7:39 | Build | Palisade Wall |
| 7:41 | Build | Palisade Wall |
| 7:47 | Build | Palisade Wall |
| 7:51 | Create | Militia |
| 7:58 | Build | Palisade Wall |
| 7:59 | Build | Palisade Wall |
| 8:13 | Build | Palisade Wall |
| 8:22 | Create | Villager (Male) |
| 8:34 | Create | Militia |
| 8:51 | Age | Feudal Age |
| 8:56 | Research | Man-at-Arms (upgrade) |
| 9:03 | Build | Mill |
| 9:23 | Create | Villager (Male) |
| 9:36 | Create | Villager (Male) |
| 9:39 | Build | Archery Range |
| 9:42 | Create | Villager (Male) |
| 9:57 | Research | Horse Collar |
| 9:57 | Research | Horse Collar |
| 10:02 | Create | Villager (Male) |
| 10:12 | Build | House |
| 10:27 | Build | Palisade Wall |
| 10:29 | Build | House |
| 10:33 | Create | Villager (Male) |
| 10:33 | Create | Villager (Male) |
| 10:37 | Build | Farm |
| 10:39 | Create | Archer |
| 10:39 | Create | Archer |
| 10:54 | Build | Farm |
| 10:59 | Create | Villager (Male) |
| 10:59 | Create | Villager (Male) |
| 11:04 | Create | Archer |
| 11:13 | Build | Farm |
| 11:21 | Build | Palisade Wall |
| 11:23 | Build | Palisade Wall |
| 11:29 | Create | Villager (Male) |
| 11:30 | Create | Villager (Male) |
| 11:33 | Build | Farm |
| 11:49 | Build | Farm |
| 11:50 | Build | Farm |
| 11:55 | Create | Villager (Male) |
| 11:55 | Create | Villager (Male) |
| 12:12 | Create | Villager (Male) |
| 12:13 | Create | Archer |
| 12:18 | Build | Farm |
| 12:24 | Create | Villager (Male) |
| 12:45 | Create | Militia |
| 12:57 | Create | Villager (Male) |
| 13:05 | Create | Militia |
| 13:06 | Create | Villager (Male) |
| 13:09 | Build | House |
| 13:21 | Build | Blacksmith |
| 13:33 | Create | Villager (Male) |
| 13:41 | Research | Arson |
| 13:49 | Build | House |
| 13:50 | Build | Palisade Wall |
| 14:03 | Create | Villager (Male) |
| 14:16 | Research | Fletching |
| 14:16 | Create | Villager (Male) |
| 14:16 | Create | Villager (Male) |
| 14:17 | Create | Villager (Male) |
| 14:17 | Create | Villager (Male) |
| 14:17 | Create | Villager (Male) |
| 14:18 | Build | House |
| 14:19 | Build | House |
| 14:28 | Build | Farm |
| 14:41 | Create | Archer |
| 14:44 | Build | Farm |
| 14:57 | Research | Padded Archer Armor |
| 15:02 | Research | Scale Mail Armor |
| 15:08 | Create | Villager (Male) |
| 15:38 | Create | Villager (Male) |
| 15:54 | Create | Villager (Male) |
| 15:55 | Create | Villager (Male) |
| 15:57 | Create | Villager (Male) |
| 15:57 | Create | Villager (Male) |
| 15:59 | Build | Farm |
| 15:59 | Build | Farm |
| 16:01 | Create | Archer |
Build order — _LY_lyx
120 actions detected in the replay
| 0:00 | Create | Villager (Male) |
| 0:01 | Create | Villager (Male) |
| 0:01 | Create | Villager (Male) |
| 0:02 | Build | House |
| 0:03 | Build | House |
| 0:10 | Create | Villager (Male) |
| 1:24 | Create | Villager (Male) |
| 1:47 | Create | Villager (Male) |
| 1:47 | Create | Villager (Male) |
| 1:48 | Create | Villager (Male) |
| 1:53 | Build | Lumber Camp |
| 2:25 | Create | Villager (Male) |
| 2:41 | Create | Villager (Male) |
| 2:41 | Create | Villager (Male) |
| 3:05 | Create | Villager (Male) |
| 3:29 | Create | Villager (Male) |
| 3:30 | Create | Villager (Male) |
| 3:30 | Create | Villager (Male) |
| 3:48 | Create | Villager (Male) |
| 3:50 | Build | House |
| 4:23 | Create | Villager (Male) |
| 4:24 | Create | Villager (Male) |
| 4:38 | Build | Barracks |
| 4:45 | Create | Villager (Male) |
| 5:10 | Create | Villager (Male) |
| 5:21 | Build | House |
| 5:34 | Create | Militia |
| 5:34 | Create | Militia |
| 5:38 | Create | Militia |
| 5:43 | Create | Villager (Male) |
| 6:00 | Build | Palisade Wall |
| 6:21 | Research | Loom |
| 6:25 | Create | Villager (Male) |
| 6:26 | Create | Villager (Male) |
| 6:40 | Build | House |
| 6:59 | Build | Mill |
| 7:00 | Create | Villager (Male) |
| 7:35 | Create | Villager (Male) |
| 7:54 | Build | Mining Camp |
| 7:54 | Create | Villager (Male) |
| 8:24 | Research | Feudal Age |
| 8:24 | Research | Feudal Age |
| 8:24 | Research | Feudal Age |
| 8:55 | Build | Lumber Camp |
| 9:05 | Build | Palisade Wall |
| 9:06 | Build | Palisade Wall |
| 9:08 | Build | Palisade Wall |
| 9:12 | Build | Palisade Wall |
| 9:13 | Build | Palisade Wall |
| 9:15 | Build | Palisade Wall |
| 9:20 | Build | Palisade Wall |
| 9:22 | Build | Palisade Wall |
| 9:23 | Build | Palisade Wall |
| 9:27 | Build | Palisade Wall |
| 9:29 | Build | Palisade Wall |
| 9:31 | Build | House |
| 9:33 | Build | Palisade Wall |
| 10:14 | Create | Villager (Male) |
| 10:34 | Create | Militia |
| 10:40 | Age | Feudal Age |
| 10:42 | Research | Double-Bit Axe |
| 10:43 | Research | Horse Collar |
| 10:46 | Build | Farm |
| 10:48 | Build | Farm |
| 10:50 | Build | Farm |
| 10:51 | Create | Villager (Male) |
| 11:00 | Build | Farm |
| 11:03 | Build | Palisade Wall |
| 11:11 | Build | Farm |
| 11:21 | Build | Farm |
| 11:27 | Build | Farm |
| 11:31 | Create | Villager (Male) |
| 11:31 | Create | Villager (Male) |
| 11:41 | Build | Farm |
| 11:48 | Create | Villager (Male) |
| 12:07 | Build | Farm |
| 12:09 | Build | Farm |
| 12:16 | Research | Man-at-Arms (upgrade) |
| 12:16 | Research | Man-at-Arms (upgrade) |
| 12:26 | Build | House |
| 12:29 | Create | Villager (Male) |
| 12:29 | Create | Villager (Male) |
| 12:29 | Create | Villager (Male) |
| 12:46 | Create | Villager (Male) |
| 13:00 | Build | Archery Range |
| 13:05 | Build | Farm |
| 13:09 | Build | House |
| 13:14 | Build | House |
| 13:16 | Create | Villager (Male) |
| 13:35 | Create | Villager (Male) |
| 13:38 | Build | Palisade Wall |
| 13:39 | Build | Palisade Wall |
| 13:40 | Build | Palisade Wall |
| 13:49 | Create | Archer |
| 13:50 | Build | Farm |
| 13:52 | Create | Villager (Male) |
| 14:01 | Create | Skirmisher |
| 14:02 | Build | House |
| 14:04 | Build | House |
| 14:15 | Create | Villager (Male) |
| 14:40 | Create | Militia |
| 14:42 | Create | Skirmisher |
| 14:46 | Create | Villager (Male) |
| 14:58 | Create | Villager (Male) |
| 14:59 | Build | Blacksmith |
| 15:04 | Create | Militia |
| 15:27 | Create | Skirmisher |
| 15:41 | Create | Militia |
| 15:48 | Create | Skirmisher |
| 15:49 | Create | Villager (Male) |
| 15:51 | Build | Farm |
| 15:53 | Research | Fletching |
| 16:01 | Create | Militia |
| 16:07 | Build | Farm |
| 16:09 | Build | Farm |
| 16:09 | Create | Villager (Male) |
| 16:10 | Create | Villager (Male) |
| 16:10 | Create | Villager (Male) |
| 16:15 | Create | Archer |
| 16:16 | Create | Militia |
Match timeline
| 4:38 | _LY_lyx · first_building Barracks |
| 5:31 | wR.Monoz · first_building Barracks |
| 6:00 | _LY_lyx · wall_segment Palisade Wall x4 |
| 7:39 | wR.Monoz · wall_segment Palisade Wall x1 |
| 7:41 | wR.Monoz · wall_segment Palisade Wall x1 |
| 7:47 | wR.Monoz · wall_segment Palisade Wall x2 |
| 7:58 | wR.Monoz · wall_segment Palisade Wall x1 |
| 7:59 | wR.Monoz · wall_segment Palisade Wall x1 |
| 8:13 | wR.Monoz · wall_segment Palisade Wall x1 |
| 8:51 | wR.Monoz · age_up feudal |
| 9:05 | _LY_lyx · wall_segment Palisade Wall x1 |
| 9:06 | _LY_lyx · wall_segment Palisade Wall x1 |
| 9:08 | _LY_lyx · wall_segment Palisade Wall x1 |
| 9:12 | _LY_lyx · wall_segment Palisade Wall x1 |
| 9:13 | _LY_lyx · wall_segment Palisade Wall x1 |
| 9:15 | _LY_lyx · wall_segment Palisade Wall x1 |
| 9:20 | _LY_lyx · wall_segment Palisade Wall x1 |
| 9:22 | _LY_lyx · wall_segment Palisade Wall x1 |
| 9:23 | _LY_lyx · wall_segment Palisade Wall x1 |
| 9:27 | _LY_lyx · wall_segment Palisade Wall x1 |
| 9:29 | _LY_lyx · wall_segment Palisade Wall x1 |
| 9:33 | _LY_lyx · wall_segment Palisade Wall x1 |
| 9:39 | wR.Monoz · first_building Archery Range |
| 10:27 | wR.Monoz · wall_segment Palisade Wall x1 |
| 10:40 | _LY_lyx · age_up feudal |
| 11:03 | _LY_lyx · wall_segment Palisade Wall x1 |
| 11:21 | wR.Monoz · wall_segment Palisade Wall x1 |
| 11:23 | wR.Monoz · wall_segment Palisade Wall x1 |
| 13:00 | _LY_lyx · first_building Archery Range |
| 13:38 | _LY_lyx · wall_segment Palisade Wall x1 |
| 13:39 | _LY_lyx · wall_segment Palisade Wall x1 |
| 13:40 | _LY_lyx · wall_segment Palisade Wall x1 |
| 13:50 | wR.Monoz · wall_segment Palisade Wall x1 |
| 16:34 | _LY_lyx · resign |
[ AI ANALYSIS · 1 CREDIT ]
What really happened in this match?
Wolo.gg analyzes every decision: build order, eco, micro, common mistakes by bracket. Personalized analysis on WhatsApp or Discord in 30 seconds.
Civ guide
Burmese
Perfil
Monoz (wR.Monoz)